 Dungeon Crawl Stone Soup version 0.28.0-47-ge53b351184 (webtiles) character file.

Game seed: 12855920177303818492

95 hawla the Scratcher (level 4, 0/28 HPs)
             Began as a Felid Transmuter on May 2, 2022.
             Succumbed to an adder's poison
             ... on level 3 of the Dungeon.
             The game lasted 00:12:43 (4176 turns).

hawla the Scratcher (Felid Transmuter)              Turns: 4176, Time: 00:12:43

Health: 0/28       AC:  1    Str:  6    XL:     4   Next: 39%
Magic:  5/9        EV: 19    Int: 16    God:
Gold:   96         SH:  0    Dex: 23    Spells: 2/9 levels left
                                        Lives:  0   Deaths: 1

rFire   . . .      SeeInvis +     - Unarmed
rCold   . . .      Faith    .   (shield unavailable)
rNeg    . . .      Spirit   .   (armour unavailable)
rPois   .          Reflect  .   (helmet unavailable)
rElec   .          Harm     .   (cloak unavailable)
rCorr   .          Rampage  .   (gloves unavailable)
Will    .....                   (boots unavailable)
Stlth   ..........              (no amulet)
HPRegen 0.09/turn               c - +6 ring of dexterity
MPRegen 0.11/turn               (no ring)

@: berserking, lethally poisoned (0 -> -11), appendages, very slightly
contaminated, very quick
A: horns 2, very small, claws 1, fangs 3, see invisible, speed 1, shaggy fur 1,
stealthy paws, no weapons or thrown items, no armour, multi-lived
a: End Transformation


You were on level 3 of the Dungeon.
You had temporarily grown beastly horns.
You visited 1 branch of the dungeon, and saw 3 of its levels.

You collected 96 gold pieces.

Inventory:

Jewellery
 c - a +6 ring of dexterity (left paw)
Wands
 j - a wand of flame (12) (quivered)
Scrolls
 b - a scroll of teleportation
 e - a scroll of noise {unknown}
 f - a scroll of identify {unknown}
 h - a scroll of silence {unknown}
 k - 2 scrolls of summoning {unknown}
Potions
 g - a potion of curing {unknown}
 i - a potion of might {unknown}


   Skills:
 + Level 1.2 Fighting
 - Level 3.5 Dodging
 - Level 1.6 Stealth
 - Level 4.0 Unarmed Combat
 - Level 3.1 Spellcasting
 * Level 3.2 Transmutations
 * Level 0.7 Poison Magic


You had 2 spell levels left.
You knew the following spells:

 Your Spells              Type           Power      Damage    Failure   Level
a - Beastly Appendage     Tmut           24%        N/A       4%          1
b - Sting                 Tmut/Pois      32%        1d4       9%          1
c - Wereblood             Tmut           12%        N/A       8%          2
d - Spider Form           Tmut/Pois      8%         N/A       24%         3

Your spell library contained the following spells:

 Spells                   Type           Power      Damage    Failure   Level
 Poisonous Vapours        Pois/Air       6%         N/A       24%         2
 Inner Flame              Hex/Fire       2%         N/A       50%         3
 Ice Form                 Ice/Tmut       7%         N/A       67%         4
 Olgreb's Toxic Radiance  Pois           4%         N/A       80%         4
 Cause Fear               Hex            1%         N/A       88%         4
 Discord                  Hex            1%         N/A       100%        8


Dungeon Overview and Level Annotations

Branches:
Dungeon (3/15)

Altars:

Annotations:
D:2 Terence


Innate Abilities, Weirdness & Mutations

You have temporarily grown beastly horns.
You have sharp claws.
You have razor-sharp teeth.
You have supernaturally acute eyesight. (SInv)
You cover ground quickly. (Speed+)
You are covered in fur. (AC +1)
Your paws help you pounce on unaware monsters.
You are incapable of wielding weapons or throwing items.
You cannot wear armour.
You gain extra lives every three experience levels.


Message History

You closely miss the adder.
The adder is heavily wounded.
The adder bites you.
You are poisoned.
The adder poisons you!
Casting: Sting (safe; 9% risk of failure)
Confirm with . or Enter, or press ? or * to list all spells.
You miscast Beastly Appendage.
You are very lightly contaminated with residual magic.
Nothing appears to happen.
You feel sick. The adder bites you but does no damage.
The adder completely misses you.
Unknown command.
Casting: Beastly Appendage (safe; 4% risk of failure)
Confirm with . or Enter, or press ? or * to list all spells.
You grow a pair of large bovine horns.
You feel sick. The adder misses you.
You barely miss the adder.
The adder is heavily wounded.
You feel sick. The adder bites you.
You are too injured to fight recklessly!
You closely miss the adder.
The adder is heavily wounded.
You feel sick. The adder bites you.
* * * LOW HITPOINT WARNING * * *
You are lethally poisoned!
The adder poisons you!
It was a potion of berserk rage.
A red film seems to cover your vision as you go berserk!
You feel yourself moving faster!
You feel mighty!
* * * LOW HITPOINT WARNING * * *
You feel sick. The adder misses you. The adder bites you.
* * * LOW HITPOINT WARNING * * *
You are more poisoned.
The adder poisons you!
You closely miss the adder. Your bite misses the adder.
The adder is severely wounded.
* * * LOW HITPOINT WARNING * * *
You feel sick.
The adder looks more healthy.
The adder misses you.
You claw the adder!
You kill the adder!
You die...

### # ### ### #.#
##.##.# #.# #.#
#.....# #.###'##
#..##@###.##...##
#...†.....#.....##
........####.......##
# ###....##
#.........#### #.....
+.........'... #...).
#.........#### #.....
##.......## # #.$...
##.....## #...
##...##


There were no monsters in sight!

Vanquished Creatures
  Natasha (thrice) (D:2)
  4 adders
  3 worms
  A dart slug (D:2)
  4 bats
  7 endoplasms
  5 giant cockroaches
  6 goblins
  3 hobgoblins
  7 jackals
  8 kobolds
  4 quokkas
  4 ball pythons
  4 rats
63 creatures vanquished.

Vanquished Creatures (others)
  A plant (D:1)
1 creature vanquished.

Grand Total: 64 creatures vanquished

Notes
Turn   | Place    | Note
-------+----------+-------------------------------------------
     0 | D:1      | hawla the Felid Transmuter began the quest for the Orb.
     0 | D:1      | Reached XP level 1. HP: 9/9 MP: 4/4
    25 | D:1      | Found a faded altar of an unknown god.
   229 | D:1      | Reached XP level 2. HP: 9/12 MP: 4/6
   948 | D:1      | Reached XP level 3. HP: 14/15 MP: 7/7
   976 | D:1      | Learned a level 1 spell: Sting
  1186 | D:2      | Noticed Terence
  1521 | D:1      | Learned a level 2 spell: Wereblood
  1584 | D:2      | Reached skill level 1 in Stealth
  2133 | D:2      | Noticed Natasha
  2142 | D:2      | Killed Natasha
  2143 | D:2      | Reached XP level 4. HP: 9/19 MP: 3/9
  2448 | D:2      | Noticed Natasha
  2458 | D:2      | Killed Natasha
  2558 | D:2      | Noticed Natasha
  3113 | D:2      | Reached XP level 5. HP: 22/22 MP: 8/10
  3202 | D:2      | Killed Natasha
  3203 | D:2      | Reached skill level 4 in Unarmed Combat
  3631 | D:3      | HP: 1/22 [orc priest/nerve-wracking pain (11)]
  3635 | D:2      | Mangled by an orc
  3636 | D:2      | Reached XP level 4. HP: -10/19 MP: 9/9
  3729 | D:3      | Learned a level 3 spell: Spider Form
  4176 | D:3      | Succumbed to an adder's poison

Illustrated notes

Levels and vault maps discovered:
D:1:      eino_arrival_druids_welcome, layout_basic, basic_ecumenical_altar,
          minmay_misc_feat_room
D:2:      layout_loops_ring, minmay_cupped, uniq_terence, uniq_natasha
D:3:      layout_loops_corners, gammafunk_temple_overflow_pools,
          chequers_serial_rivers_large_b

Skill      XL: |  1  2  3  4  5 |
---------------+----------------+-----
Dodging        | 3 |  3.5
Stealth        | 1 |  1.6
Transmutations | 3 |  3.2
Spellcasting   | 3 |  3.1
Unarmed Combat | 4 |  4.0
Fighting       | |  1.2
Poison Magic   | |  0.7

Action                   |  1- 3 |  4- 6 || total
-------------------------+-------+-------++-------
Melee: Unarmed           |    94 |    53 ||   147
       Headbutt          |    15 |     8 ||    23
       Punch             |     3 |     2 ||     5
       Bite              |    10 |     4 ||    14
 Cast: Beastly Appendage |    22 |    11 ||    33
       Sting             |     7 |    16 ||    23
       Wereblood         |     1 |     2 ||     3
       Spider Form       |       |     2 ||     2
Evoke: Wand              |       |     1 ||     1
  Use: Potion            |       |     1 ||     1
       Scroll            |       |     2 ||     2
 Stab: Sleeping          |     3 |     3 ||     6
Armor: Skin              |     3 |     2 ||     5
Dodge: Dodged            |    88 |    45 ||   133
